 Dungeon Crawl Stone Soup version 0.28.0-53-g5a82cb258f (webtiles) character file.

Game seed: 18067759586050501357

56 Descartes the Grasshopper (level 4, 0/33 HPs)
             Began as a Formicid Warper on July 11, 2022.
             Succumbed to an adder's poison
             ... on level 2 of the Dungeon.
             The game lasted 00:01:48 (1227 turns).

Descartes the Grasshopper (Formicid Warper)         Turns: 1227, Time: 00:01:48

Health: 0/33       AC:  4    Str: 16 (18) XL:     4   Next: 15%
Magic:  7/7        EV: 11    Int: 10 (12) God:
Gold:   44         SH:  0    Dex:  8 (10) Spells: 7/7 levels left

rFire   . . .      SeeInvis +   a - +0 hand axe
rCold   . . .      Faith    .   (no shield)
rNeg    . . .      Spirit   .   b - +0 leather armour
rPois   .          Reflect  .   (helmet unavailable)
rElec   .          Harm     .   h - +0 cloak
rCorr   .          Rampage  .   (no gloves)
Will    .....                   (no boots)
Stlth   +.........              (no amulet)
HPRegen 0.11/turn               g - ring of flight
MPRegen 0.10/turn               (no ring)

@: lethally poisoned (0 -> -1), flying
A: permanent stasis, dig shafts and tunnels, antennae 3, four strong arms
a: Dig, Shaft Self


You were on level 2 of the Dungeon.
You visited 1 branch of the dungeon, and saw 2 of its levels.

You collected 44 gold pieces.

Inventory:

Hand Weapons
 a - a +0 hand axe (weapon)
Missiles
 c - 5 boomerangs of dispersal (quivered)
 d - 86 stones
 f - 21 bolts
 j - 13 arrows
Armour
 b - a +0 leather armour (worn)
 h - a +0 cloak (worn)
Jewellery
 g - a ring of flight (left hand)
Scrolls
 e - a scroll of silence {unknown}
 k - a scroll of fear {unknown}
 l - a scroll of identify {unknown}
Potions
 i - a potion of degeneration
 m - 2 potions of mutation {unknown}


   Skills:
 - Level 2.1 Fighting
 + Level 2.6 Axes
 - Level 1.0 Throwing
 + Level 2.1 Armour
 - Level 1.7 Dodging
 + Level 1.8 Shields
 - Level 2.1 Spellcasting
 + Level 3.1 Translocations


You had 7 spell levels left.
You didn't know any spells.
Your spell library contained the following spells:

 Spells                   Type           Power      Damage    Failure   Level
 Gell's Gravitas          Tloc           7%         N/A       30%         3
 Lesser Beckoning         Tloc           7%         N/A       30%         3
 Teleport Other           Tloc           7%         N/A       30%         3
 Ensorcelled Hibernation  Hex/Ice        2%         N/A       50%         2
 Passwall                 Tmut/Erth      0%         N/A       50%         2
 Manifold Assault         Tloc           7%         N/A       96%         5
 Blink                    Tloc           Unusable   N/A       N/A         2
 Swiftness                Air            Unusable   N/A       N/A         3

Dungeon Overview and Level Annotations

Branches:
Dungeon (2/15)

Altars:


Innate Abilities, Weirdness & Mutations

You cannot be hasted, slowed, berserked, paralysed or teleported.
You can dig through walls and to a lower floor.
You have a pair of large antennae on your head. (SInv)
Your four strong arms can wield two-handed weapons with a shield.


Message History

You barely miss the adder.
The adder is heavily wounded.
The adder misses you. The adder closely misses you.
You hit the adder.
You kill the adder!
The adder bites you but does no damage.
Your Armour skill increases to level 2!
You hit the adder.
You kill the adder!
The adder completely misses you.
You hit the adder.
The adder is lightly wounded.
The adder bites you but does no damage.
You barely miss the adder. You punch the adder.
The adder is moderately wounded.
The adder bites you but does no damage. The adder misses you.
You slash the adder!
The adder is almost dead.
The adder bites you.
* * * LOW HITPOINT WARNING * * *
You are poisoned.
The adder poisons you!
You barely miss the adder.
The adder is almost dead.
You feel sick. The adder closely misses you.
The adder bites you but does no damage.
You closely miss the adder.
The adder is almost dead.
You feel sick. The adder barely misses you.
You hit the adder.
You kill the adder!
You feel sick. The ball python bites you.
* * * LOW HITPOINT WARNING * * *
The ball python barely misses you.
You have reached level 4!
You feel stronger.
It was a potion of degeneration.
There was something very wrong with that liquid.
You feel weakened.
You feel dopey.
You feel clumsy.
You die...

...# #......#
###.######.####.# #
#.......##.####.###
#.##.#.###........†..#
#......# ####.####.#.#
####.#### #.####.#.#
#.......# #......#)#
#.##.##.# ########.###
# #.##@# #.... #.S#S#
####. #.......# #.)
........# #..
##.#..#.# { #..
.P......# #.. ≈≈≈.≈≈P#
.... ≈.≈.≈ ... ###.#
≈≈≈≈≈≈.≈. #.


You could see a ball python.

Vanquished Creatures
  3 adders (D:2)
  A dart slug (D:1)
  3 endoplasms
  A giant cockroach (D:1)
  3 goblins
  A hobgoblin (D:2)
  3 kobolds
  4 ball pythons (D:1)
  4 bats
  2 frilled lizards
  4 rats
29 creatures vanquished.

Notes
Turn   | Place    | Note
-------+----------+-------------------------------------------
     0 | D:1      | Descartes the Formicid Warper began the quest for the Orb.
     0 | D:1      | Reached XP level 1. HP: 16/16 MP: 3/3
   360 | D:1      | Reached XP level 2. HP: 18/22 MP: 5/5
   477 | D:1      | Reached skill level 1 in Shields
   988 | D:2      | Reached XP level 3. HP: 24/27 MP: 6/6
  1037 | D:2      | Reached skill level 3 in Translocations
  1226 | D:2      | HP: 1/27 [ball python (3)]
  1227 | D:2      | Reached XP level 4. HP: 1/33 MP: 7/7
  1227 | D:2      | Succumbed to an adder's poison

Illustrated notes

Levels and vault maps discovered:
D:1:      kennysheep_arrival_seaside, layout_rooms, minmay_quantized
D:2:      layout_loops_cross, serial_bayou_pond_b, uniq_jessica

Skill      XL: |  1  2  3 |
---------------+----------+-----
Shields        | 1 |  1.8
Translocations | 3 |  3.1
Armour         | 2 |  2.1
Fighting       | |  2.1
Axes           | |  2.6
Throwing       | |  1.0
Dodging        | |  1.7
Spellcasting   | |  2.1

Action                   |  1- 3 |  4- 6 || total
-------------------------+-------+-------++-------
Melee: Hand axe          |    92 |       ||    92
       Punch             |     1 |       ||     1
  Use: Potion            |       |     1 ||     1
Armor: Leather armour    |    44 |       ||    44
Dodge: Dodged            |    84 |       ||    84
